 Dungeon Sprint DCSS version 0.15-a0-1206-g3bad1a6 (webtiles) character file.

207 Infinimo the Insei (level 5, -15/38 HPs)
             Began as a Demonspawn Transmuter on June 1, 2014.
             Demolished by a slime creature (19 damage)
             ... in the Dungeon (Sprint I: "Red Sonja").
             The game lasted 00:01:26 (411 turns).

Infinimo the Insei (Demonspawn Transmuter)           Turns: 411, Time: 00:01:26

HP -15/38        AC  2     Str 10      XL: 5   Next: 54%
MP   2/10        EV 20     Int 16      God:
Gold 126         SH  0     Dex 18      Spells:  3 memorised,  0 levels left

rFire  . . .     SeeInvis .       - Unarmed
rCold  . . .     Clarity  .     c - melded +0 robe
rNeg   . . .     rCorr    .     (shield currently unavailable)
rPois  x         rRot     .     (helmet currently unavailable)
rElec  .         Spirit   .     (cloak currently unavailable)
SustAb .         Warding  .     (gloves currently unavailable)
rMut   .         NoTele   +     (boots currently unavailable)
Gourm  .                        (no amulet)
MR     .....                    (no ring)
                                (no ring)

@: spider-form, very slightly contaminated, not resistant to hostile
enchantments, unstealthy
A: (antennae 0), (thin metallic scales 0), powered by death 1
a: End Transformation


You were in the Dungeon.
You were not hungry.
You were in spider-form.
You visited 1 branch You collected 126 gold pieces.

Inventory:

Missiles
 b - 12 arrows
Armour
 c - a +0 robe (melded)
Comestibles
 a - a bread ration
Scrolls
 i - a scroll of identify {unknown}
 j - a scroll of blinking
Potions
 e - 2 potions of curing
 f - a potion of heal wounds
 g - a potion of haste
 h - 2 potions of magic
Books
 d - a book of Changes

   Spells                             Type                      Level
   *Beastly Appendage                 Transmutation                1
   Sticks to Snakes                   Transmutation                2
   *Spider Form                       Transmutation/Poison         3
   Ice Form                           Ice/Transmutation            4
   *Blade Hands                       Transmutation                5


   Skills:
 - Level 2.2 Fighting
 - Level 2.7 Dodging
 + Level 7.5 Unarmed Combat
 - Level 2.8 Spellcasting
 + Level 7.2 Transmutations


You couldn't memorise any spells.
You knew the following spells:

 Your Spells              Type           Power        Failure   Level  Hunger
a - Beastly Appendage     Trmt           ####..       6%          1    #......
b - Spider Form           Trmt/Pois      ##........   32%         3    ###....
c - Blade Hands           Trmt           ####......   56%         5    ######.


Dungeon Overview and Level Annotations

Branches:
Dungeon (1/1)

Altars:
Cheibriados
Dithmenos
Fedhas
Sif Muna
Vehumet
Jiyva


Innate Abilities, Weirdness & Mutations

((You have a pair of small antennae on your head.))*
((You are partially covered in thin metallic scales (AC +2).))*
You can steal the life force of nearby defeated enemies.


Message History

The slime creature is moderately wounded.
Your transformation is almost over.
The slime creature is lightly wounded.
There is an open door here.
Things that are here:
a scythe; a robe
There is an open door here.
You see here a giant club.
Your transformation has ended.
Your +0 robe unmelds from your body.
There is an open door here.
Casting: Spider Form
Confirm with . or Enter, or press ? or * to list all spells.
You turn into a venomous arachnid creature.
Your +0 robe melds into your body.
The slime creature hits you.
* * * LOW HITPOINT WARNING * * *
The slime creature is lightly wounded.
The slime creature hits you!!
Ouch! That really hurt!
You die...

###################
#<.#..sJ.#.)'..#__#
#..').#..'..#..'..+
#..#####'#####.#__#
#..# #..# #.# ##
#..# #### #.# #..#
#..+ #⌠⌠# ..._#
#### #_.#+# ##+


You could see a slime creature.

Vanquished Creatures
  An ogre (D)
  Sigmund (D)
  A jelly (D)
  Ijyb (D)
4 creatures vanquished.

Vanquished Creatures (others)
  A gargoyle (D)
1 creature vanquished.

Grand Total: 5 creatures vanquished

Notes
Turn   | Place    | Note
--------------------------------------------------------------
     0 | D        | Infinimo, the Demonspawn Transmuter, began the quest for the Orb.
     0 | D        | Reached XP level 1. HP: 15/15 MP: 3/3
     1 | D        | Noticed Ijyb
    12 | D        | Killed Ijyb
    12 | D        | Reached skill level 3 in Unarmed Combat
    12 | D        | Gained mutation: You can steal the life force of nearby defeated enemies. [demonic ancestry]
    12 | D        | Reached XP level 2. HP: 22/22 MP: 3/5
    13 | D        | Noticed an ogre
    17 | D        | Killed an ogre
    17 | D        | Reached skill level 5 in Unarmed Combat
    17 | D        | Reached skill level 5 in Transmutations
    17 | D        | Gained mutation: You are partially covered in thin metallic scales (AC +2). [demonic ancestry]
    17 | D        | Reached XP level 3. HP: 27/27 MP: 3/6
    17 | D        | Reached XP level 4. HP: 33/33 MP: 4/8
    60 | D        | Learned a level 3 spell: Spider Form
    60 | D        | Noticed Sigmund
    68 | D        | Killed Sigmund
    68 | D        | Reached skill level 7 in Unarmed Combat
    68 | D        | Gained mutation: You have a pair of small antennae on your head. [demonic ancestry]
    68 | D        | Reached XP level 5. HP: 29/38 MP: 6/10
   151 | D        | Found a deep blue altar of Sif Muna.
   154 | D        | Noticed a jelly
   155 | D        | Found a radiant altar of Vehumet.
   156 | D        | Killed a gargoyle
   164 | D        | Found a snail-covered altar of Cheibriados.
   164 | D        | Found a viscous altar of Jiyva.
   164 | D        | Found a shadowy altar of Dithmenos.
   164 | D        | Found a blossoming altar of Fedhas.
   164 | D        | Noticed a slime creature
   173 | D        | Killed a jelly
   193 | D        | Learned a level 5 spell: Blade Hands
   411 | D        | Demolished by a slime creature

Action                   |  1- 3 |  4- 6 || total
-------------------------+-------+-------++-------
Melee: Unarmed           |     8 |    17 ||    25
 Cast: Beastly Appendage |     1 |       ||     1
       Spider Form       |       |     4 ||     4
  Use: Potion            |     1 |       ||     1
 Stab: Sleeping          |       |     1 ||     1
